 Dungeon Crawl Stone Soup version 0.27.1-3-gb3d3a73c9e (webtiles) character file.

Game seed: 10213418544772816988

58 H0rd4k the Charlatan (level 4, -1/32 HPs)
             Began as a Human Artificer on Oct 12, 2021.
             Slain by an orc wizard (3 damage)
             ... on level 3 of the Dungeon.
             The game lasted 00:01:34 (2751 turns).

H0rd4k the Charlatan (Human Artificer)              Turns: 2751, Time: 00:01:35

Health: -1/32      AC:  3    Str: 14    XL:     4   Next: 20%
Magic:  4/4        EV: 11    Int: 11    God:
Gold:   55         SH:  0    Dex: 13    Spells: 3/3 levels left

rFire    . . .     SeeInvis .   f - +2 spear (freeze)
rCold    . . .     Faith    .   (no shield)
rNeg     . . .     Spirit   .   b - +0 leather armour
rPois    .         Reflect  .   (no helmet)
rElec    .         Harm     .   (no cloak)
rCorr    .         Rampage  .   (no gloves)
Will     .....                  (no boots)
Stlth    +.........             (no amulet)
HPRegen  0.10/turn              (no ring)
MPRegen  0.09/turn              (no ring)

@: brilliant
A: no striking features
a: no special abilities


You were on level 3 of the Dungeon.
You visited 1 branch of the dungeon, and saw 3 of its levels.

You collected 55 gold pieces.

Inventory:

Hand Weapons
 a - a +0 club
 f - a +2 spear of freezing (weapon)
Armour
 b - a +0 leather armour (worn)
Magical Staves
 g - a staff of conjuration
Wands
 c - a wand of flame (12) (quivered)
 d - a wand of charming (15)
 l - a wand of iceblast (9)
Scrolls
 h - a scroll of identify {unknown}
 i - a scroll of noise {unknown}
Miscellaneous
 e - a piece from Xom's chessboard (15/15)


   Skills:
 + Level 1.2 Fighting
 + Level 1.1 Polearms
 - Level 2.0 Armour
 + Level 1.4 Dodging
 - Level 1.0 Stealth
 + Level 4.2 Evocations


You had 3 spell levels left.
You didn't know any spells.
Your spell library contained the following spells:

 Spells                   Type           Power      Damage    Failure   Level
 Sting                    Tmut/Pois      0%         1d3       41%         1
 Poisonous Vapours        Pois/Air       0%         N/A       54%         2
 Olgreb's Toxic Radiance  Pois           0%         N/A       99%         4


Dungeon Overview and Level Annotations

Branches:
Dungeon (3/15)

Altars:
Cheibriados


Message History

Found a ring mail and a lead wand.
You see here a +0 ring mail.
l - a wand of iceblast (9)
Found a kite shield.
An orc wizard comes into view. It is wielding a +0 dagger.
The orc wizard gestures at you while chanting.
The magic dart hits you.
An orc wizard is nearby!
An orc wizard is nearby!
The orc wizard mumbles some strange words.
The orc wizard flickers and vanishes!
Deactivating autopickup; reactivate with Ctrl-A.
No target in view!
No target in view!
Unknown command.
You closely miss something.
You hear some strange, mumbled words.
A puff of flame appears from out of thin air!
The puff of flame hits you!
You barely miss something. Something hits you.
You miss something.
You hear some strange, mumbled words.
A puff of flame appears from out of thin air!
The puff of flame misses you.
You hit something. You freeze something. Something hits you.
You miss something. Something hits you.
You closely miss something. Something hits you.
You hear some strange, mumbled words.
A magic dart appears from out of thin air!
The magic dart hits you.
* * * LOW HITPOINT WARNING * * *
You barely miss something. Something hits you.
* * * LOW HITPOINT WARNING * * *
Unknown command.
It was a potion of cancellation.
You feel magically purged. Something hits you.
* * * LOW HITPOINT WARNING * * *
It was a potion of brilliance.
You feel clever all of a sudden. Something hits you.
You die...

#.......####
#..........##
#............
.##..........#
.....[.....##
#..........#
#..........#
#....{.....#
#....@.....#
#..........#
##........##
####......##
#......####
.##.##.#.#
.......#.#
.........#
.......[.#


There were no monsters in sight!

Vanquished Creatures
  A gnoll (D:1)
  4 orcs
  4 ball pythons
  5 endoplasms
  2 giant cockroaches
  3 goblins (D:2)
  3 hobgoblins
  7 quokkas (D:2)
  2 bats (D:2)
  2 frilled lizards
  3 kobolds
  3 rats
39 creatures vanquished.

Vanquished Creatures (others)
  57 plants (D:2)
57 creatures vanquished.

Grand Total: 96 creatures vanquished

Notes
Turn   | Place    | Note
-------+----------+-------------------------------------------
     0 | D:1      | H0rd4k the Human Artificer began the quest for the Orb.
     0 | D:1      | Reached XP level 1. HP: 15/15 MP: 1/1
   384 | D:1      | Reached XP level 2. HP: 21/21 MP: 2/2
   515 | D:1      | Found a faded altar of an unknown god.
  1092 | D:2      | Reached XP level 3. HP: 26/26 MP: 3/3
  1153 | D:2      | Reached skill level 4 in Evocations
  1737 | D:2      | Found a snail-covered altar of Cheibriados.
  2495 | D:3      | Reached XP level 4. HP: 32/32 MP: 4/4
  2507 | D:2      | Reached skill level 1 in Polearms
  2750 | D:3      | HP: 1/32 [something (2)]
  2751 | D:3      | Slain by an orc wizard

Illustrated notes

Levels and vault maps discovered:
D:1:      minmay_arrival_up_and_down, layout_basic, serial_corexii_hall,
          corexii_hall_statues_x, corexii_hall_statues_l,
          hellmonk_ecumenical_altar_arch_garden
D:2:      wad_woods_stonehenge, layout_basic, serial_corexii_hall,
          corexii_hall_statues_s, corexii_hall_statues_l
D:3:      layout_rooms, mainiacjoe_overflow_six_doors_small,
          mainiacjoe_overflow_catwalk, ebering_dispersal_statue_hall,
          dk_vineyard_1

Skill      XL: |  1  2  3  4 |
---------------+-------------+-----
Evocations     | 4 |  4.2
Polearms       | 1 |  1.1
Fighting       | |  1.2
Armour         | |  2.0
Dodging        | |  1.4
Stealth        | |  1.0

Action                   |  1- 3 |  4- 6 || total
-------------------------+-------+-------++-------
Melee: Club              |    18 |       ||    18
       Spear             |    91 |    26 ||   117
Evoke: Wand              |     3 |       ||     3
  Use: Potion            |       |     2 ||     2
 Stab: Sleeping          |     4 |       ||     4
       Distracted        |     1 |       ||     1
Armor: Leather armour    |    28 |     2 ||    30
Dodge: Dodged            |    64 |    19 ||    83
